 Dungeon Crawl Stone Soup version 0.24.0-37-gcf1ca852f1 (webtiles) character file.

Game seed: 6499092235765181569, levelgen mode: deterministic

1533 Iamsoldier the Cleaver (level 8, -7/71 HPs)
             Began as a Minotaur Berserker on Dec 9, 2019.
             Was an Elder of Trog.
             Killed from afar by an electric eel (9 damage)
             ... with a bolt of electricity
             ... on level 6 of the Dungeon.
             The game lasted 00:07:24 (4348 turns).

Iamsoldier the Cleaver (Minotaur Berserker)         Turns: 4348, Time: 00:07:25

Health: -7/71      AC: 17    Str: 22    XL:     8   Next: 55%
Magic:  16/16      EV:  9    Int:  4    God:    Trog [****..]
Gold:   330        SH:  0    Dex: 12    Spells: 7/7 levels left

rFire    . . .     SeeInvis .   a - +0 war axe
rCold    . . .     Gourm    .   (no shield)
rNeg     . . .     Faith    .   l - +0 plate armour
rPois    .         Spirit   .   r - +0 hat
rElec    .         Reflect  .   (no cloak)
rCorr    .         Harm     .   (no gloves)
MR       .....                  s - +0 pair of boots
Stlth    ..........             (no amulet)
HPRegen  0.21/turn              d - ring of magical power
MPRegen  0.15/turn              v - +3 ring of protection

@: very slow
A: retaliatory headbutt, horns 2
a: Berserk, Trog's Hand, Brothers in Arms, Renounce Religion


You were on level 6 of the Dungeon.
You worshipped Trog.
Trog was greatly pleased with you.
You were hungry.

You visited 1 branch of the dungeon, and saw 6 of its levels.

You collected 330 gold pieces.

Inventory:

Hand Weapons
 a - a +0 war axe (weapon)
Armour
 l - a +0 plate armour (worn)
 r - a +0 hat (worn)
 s - a +0 pair of boots (worn)
Jewellery
 d - a ring of magical power (left hand)
 v - a +3 ring of protection (right hand)
Wands
 o - a wand of polymorph (6)
 q - a wand of enslavement (7)
 w - a wand of clouds (5)
 y - a wand of paralysis (6)
Scrolls
 b - 3 scrolls of immolation {unknown}
 e - 5 scrolls of teleportation {unknown}
 f - a scroll of amnesia {unknown}
 h - a scroll of enchant weapon {unknown}
 i - 5 scrolls of identify {unknown}
 j - 4 scrolls of remove curse {unknown}
 k - 4 scrolls of enchant armour {unknown}
 m - 2 scrolls of fear {unknown}
 p - a scroll of magic mapping {unknown}
Potions
 g - 2 potions of might {unknown}
 n - 2 potions of magic {unknown}
 t - a potion of resistance {unknown}
 u - a potion of degeneration {unknown}
 z - a potion of agility
Comestibles
 c - 8 rations


   Skills:
 + Level 6.7 Fighting
 * Level 9.0 Axes
 + Level 6.1 Armour
 + Level 5.6 Dodging


You had 7 spell levels left.
You didn't know any spells.
Your spell library was empty.

Dungeon Overview and Level Annotations

Branches:
Dungeon (6/15)             Temple (0/1) D:4

Altars:
Vehumet

Annotations:
D:6 1 runed translucent door, Crazy Yiuf


Innate Abilities, Weirdness & Mutations

You reflexively headbutt those who attack you in melee.
You have a pair of horns on your head.


Message History

You closely miss the electric eel.
The electric eel shoots out a bolt of lightning at you!
The bolt of electricity hits the electric eel.
The electric eel completely resists.
The bolt of electricity hits you.
The electric eel shoots out a bolt of lightning at you!
The bolt of electricity hits you!
* * * LOW HITPOINT WARNING * * *
The electric eel shoots out a bolt of lightning at you!
The bolt of electricity hits the electric eel.
The electric eel completely resists.
The bolt of electricity hits the electric eel.
The electric eel completely resists.
The bolt of electricity hits you.
* * * LOW HITPOINT WARNING * * *
The electric eel shoots out a bolt of lightning at you!
The bolt of electricity hits the electric eel.
The electric eel completely resists.
The bolt of electricity hits you!
* * * LOW HITPOINT WARNING * * *
The electric eel shoots out a bolt of lightning at you!
The bolt of electricity hits you!
You die...

#.# ###...... #.#
#........ PP ≈≈≈ #.#
###.#.#..# ≈≈≈♣PP≈ ..#
#........# ♣♣≈♣≈P≈P≈ #.#
#.#.....####≈PP≈≈≈≈≈≈
#.###.#........#♣≈P≈≈≈≈≈≈
#..............♣♣≈≈≈≈≈≈≈≈
#.#.#.#........≈♣≈♣≈≈≈≈≈≈
#.#.#†##.......♣@;;≈≈≈;≈≈
#.#.#.###......♣♣≈≈≈≈≈≈≈≈
#.#.#.# #......♣♣♣≈≈≈≈≈≈≈
#.#.#.. ####...P♣ ≈≈≈≈≈≈≈
#<#.###.# #...≈≈≈≈≈≈≈≈≈≈
#........ ....≈P≈≈≈≈≈≈≈≈
.÷..###.# ###.#≈♣P≈P≈≈≈≈≈
#.### #.##≈♣≈P≈≈≈≈≈ #.#


You could see 3 electric eels.

Vanquished Creatures
  Grinder (D:4)
  Edmund (D:5)
  An orc warrior (D:6)
  2 ice beasts
  A sky beast (D:6)
  An ogre (D:5)
  2 centaurs (D:6)
  2 crimson imps (D:5)
  A jelly (D:5)
  3 orc wizards
  3 orc priests
  2 hounds (D:6)
  Ijyb (D:3)
  3 worker ants
  3 gnolls (D:4)
  4 adders
  A shadow imp (D:5)
  4 oozes
  An adder skeleton (D:4)
  4 worms
  A dart slug (D:2)
  3 leopard geckos
  13 orcs
  3 ball pythons
  12 bats
  4 giant cockroaches
  8 hobgoblins
  7 kobolds
  3 quokkas
  7 frilled lizards
  8 goblins
  2 leopard gecko zombies
  8 rats
120 creatures vanquished.

Notes
Turn   | Place    | Note
-------+----------+-------------------------------------------
     0 | D:1      | Iamsoldier the Minotaur Berserker began the quest for the
                  | Orb.
     0 | D:1      | Reached XP level 1. HP: 19/19 MP: 0/0
   346 | D:1      | Reached XP level 2. HP: 27/27 MP: 1/1
   368 | D:1      | Reached skill level 4 in Axes
   765 | D:1      | Reached XP level 3. HP: 19/33 MP: 2/2
   999 | D:1      | Reached ** piety under Trog
  1388 | D:2      | Reached XP level 4. HP: 40/40 MP: 3/3
  1701 | D:3      | Reached skill level 5 in Axes
  1705 | D:3      | Reached XP level 5. HP: 10/47 MP: 4/4
  2029 | D:3      | Noticed Ijyb
  2046 | D:3      | Killed Ijyb
  2122 | D:3      | Found a faded altar of an unknown god.
  2137 | D:3      | Reached *** piety under Trog
  2351 | D:4      | Found a staircase to the Ecumenical Temple.
  2386 | D:4      | Reached skill level 6 in Axes
  2386 | D:4      | Reached XP level 6. HP: 47/55 MP: 5/5
  2451 | D:4      | Found a radiant altar of Vehumet.
  2505 | D:4      | Noticed an ice beast
  2522 | D:4      | Reached skill level 5 in Fighting
  2648 | D:4      | Killed an ice beast
  2957 | D:4      | Noticed Grinder
  2966 | D:4      | Paralysed by Grinder for 7 turns
  2980 | D:4      | Killed Grinder
  2980 | D:4      | Reached skill level 7 in Axes
  2980 | D:4      | Reached XP level 7. HP: 27/61 MP: 6/6
  3231 | D:5      | Entered Level 5 of the Dungeon
  3468 | D:5      | Reached skill level 5 in Armour
  3760 | D:5      | Noticed Edmund
  3769 | D:5      | Killed Edmund
  3819 | D:6      | Reached skill level 8 in Axes
  3819 | D:6      | Reached XP level 8. HP: 70/70 MP: 7/7
  3849 | D:6      | Reached skill level 5 in Dodging
  3908 | D:6      | Reached **** piety under Trog
  4294 | D:6      | Found a runed translucent door.
  4295 | D:6      | Noticed Crazy Yiuf
  4329 | D:6      | Reached skill level 9 in Axes
  4348 | D:6      | HP: 2/71 [electric eel/bolt of electricity (9)]
  4348 | D:6      | Killed from afar by an electric eel

Levels and vault maps discovered:
D:1:      dpeg_arrival_chambers_temple_mockup, layout_basic
D:2:      layout_rooms, st_stairs_2
D:3:      layout_rooms, chequers_ecumenical_altar_simple, first_ration,
          uniq_ijyb
D:4:      layout_rooms, kennysheep_little_box, minmay_temple_entry_mini_moons,
          uniq_grinder
D:5:      layout_rooms, chequers_serial_rivers_large_b, uniq_edmund
D:6:      layout_loops_ring, serial_bayou, serial_bayou_pond_d,
          serial_bayou_crossing, serial_bayou_pond_b, serial_bayou_lake_a,
          feat_on_display, uniq_menkaure, uniq_pikel, uniq_crazy_yiuf_cottage

Skill      XL: |  1  2  3  4  5  6  7  8 |
---------------+-------------------------+-----
Axes           | 4 5 6 7 8 9 |  9.0
Fighting       | 4 5 6 |  6.7
Armour         | 3 4 5 6 |  6.1
Dodging        | 3 4 5 |  5.6

Action                   |  1- 3 |  4- 6 |  7- 9 || total
-------------------------+-------+-------+-------++-------
Melee: Hand axe          |   106 |    31 |       ||   137
       Headbutt          |    14 |    19 |    13 ||    46
       War axe           |       |    84 |    62 ||   146
       Unarmed           |       |    16 |       ||    16
Invok: Berserk           |       |     4 |     1 ||     5
       Trog's Hand       |       |     1 |       ||     1
 Stab: Sleeping          |     1 |       |       ||     1
       Confused          |       |     1 |       ||     1
  Eat: Chunk             |     2 |     7 |     3 ||    12
       Ration            |       |       |     1 ||     1
Armor: Animal skin       |     9 |       |       ||     9
       Plate armour      |    42 |    90 |    51 ||   183
       Skin              |       |     3 |       ||     3
Dodge: Dodged            |    50 |    45 |    25 ||   120
